 Dungeon Crawl Stone Soup version 0.19.5 (webtiles) character file.

27 miragecloak the Poker (level 3, 29/29 HPs)
             Began as a Merfolk Abyssal Knight on May 8, 2017.
             Was a Follower of Lugonu.
             Quit the game on level 1 of the Dungeon.
             The game lasted 00:01:08 (1131 turns).

miragecloak the Poker (Merfolk Abyssal Knight)      Turns: 1131, Time: 00:01:09

Health: 29/29      AC:  3    Str: 12    XL:     3   Next: 10%
Magic:  4/4        EV: 12    Int: 11    God:    Lugonu [*.....]
Gold:   49         SH:  0    Dex: 14    Spells: 0 memorised, 2 levels left

rFire  . . .     SeeInvis .     h - -3 dagger (curse)
rCold  . . .     Gourm    .     b - +0 leather armour
rNeg   . . .     Faith    .     (no shield)
rPois  .         Spirit   .     (no helmet)
rElec  .         Reflect  .     (no cloak)
rCorr  .         Harm     .     (no gloves)
MR     .....                    (no boots)
Stlth  +.........               (no amulet)
                                (no ring)
                                (no ring)

@: about to teleport
A: change form in water, swift swim, stealthy swim
a: Depart the Abyss, Renounce Religion


You were on level 1 of the Dungeon.
You worshipped Lugonu.
Lugonu was aware of your devotion.
You were not hungry.

You visited 1 branch of the dungeon, and saw 1 of its levels.
You visited the Abyss 1 time.

You collected 49 gold pieces.

Inventory:

Hand Weapons
 a - a +1 spear
 h - a cursed -3 dagger (weapon)
Armour
 b - a +0 leather armour (worn)
Scrolls
 g - a scroll of identify {unknown}
Comestibles
 c - a bread ration


   Skills:
 - Level 3.2 Fighting
 * Level 5.1 Polearms
 - Level 0.6 Armour
 - Level 2.6 Dodging
 - Level 2.0 Invocations


You had 2 spell levels left.
You didn't know any spells.

Dungeon Overview and Level Annotations

Branches:
Dungeon (1/15)

Altars:


Message History

HP restored.
Found a leather armour.
Eating a chunk of flesh.
You start eating the chunk of flesh.
You are feeling hungry.
This raw flesh tastes terrible.
You see here 18 stones.
There is a stone staircase leading down here.
There is a stone staircase leading down here.
Partly explored, can't reach some places.
Partly explored, can't reach some places.
Partly explored, can't reach some places.
As you read the scroll labeled NENONUDORI, it crumbles to dust.
You feel strangely unstable.
It was a scroll of teleportation.
As you read the scroll labeled XISISTR WENO, it crumbles to dust.
The air around you briefly surges with heat, but it dissipates.
It was a scroll of immolation.
As you read the scroll labeled MYBUTA XIZUIKK, it crumbles to dust.
You assume a fearsome visage.
Nothing appears to happen.
It was a scroll of fear.
Are you sure you want to abandon this character and quit the game? (Confirm with "yes".)

♣.♣♣♣.♣♣♣.♣.♣<♣
#.###..##### ♣♣.♣.♣♣
♣♣.♣♣♣♣ #.# #.## ♣♣.♣♣
♣♣P♣ #.# #># ♣♣P♣ ♣♣
### #.# ♣♣ ### #.# #.#
#.# #.# #.# #.# #.#
##### #########@# #.#
.#..####...#.....# #.#
......##.#...##### #.#
.#..#.##.##.## #.#
.#..#.##.##.# #.#
.#..........#########.#
.#.##..###.........>..#
##.....# #.############
#####.###.#


There were no monsters in sight!

Vanquished Creatures
  A dart slug (D:1)
  A ball python (D:1)
  A giant cockroach (D:1)
  2 goblins (D:1)
  4 hobgoblins (D:1)
  5 kobolds (D:1)
  3 bats (D:1)
  A frilled lizard (D:1)
  5 rats (D:1)
23 creatures vanquished.

Vanquished Creatures (others)
  7 toadstools (D:1)
7 creatures vanquished.

Grand Total: 30 creatures vanquished

Notes
Turn   | Place    | Note
-------+----------+-------------------------------------------
     0 | Abyss:1  | miragecloak the Merfolk Abyssal Knight began the quest for the Orb.
     0 | Abyss:1  | Reached XP level 1. HP: 18/18 MP: 2/2
    36 | Abyss:1  | Noticed a ynoxinul
    37 | D:1      | Escaped the Abyss
   134 | D:1      | Reached skill level 4 in Polearms
   134 | D:1      | Reached XP level 2. HP: 17/24 MP: 3/3
   418 | D:1      | Reached * piety under Lugonu
   493 | D:1      | Reached XP level 3. HP: 17/29 MP: 4/4
   806 | D:1      | Reached skill level 5 in Polearms
  1131 | D:1      | Quit the game

Skill      XL: |  1  2  3 |
---------------+----------+-----
Polearms       | 4 5 |  5.1
Fighting       | |  3.2
Armour         | |  0.6
Dodging        | |  2.6
Invocations    | |  2.0

Action                   || total
-------------------------++-------
Melee: Spear             ||    68
       Dagger            ||    44
Invok: Depart the Abyss  ||     1
  Use: Scroll            ||     3
 Stab: Distracted        ||     1
       Sleeping          ||     1
  Eat: Chunk             ||     1
Armor: Leather armour    ||    34
Dodge: Dodged            ||    72
